 Dungeon Crawl Stone Soup version 0.26-a0-366-gd6aadd2 (webtiles) character file.

Game seed: 31260575218556932

173 MrTaco21 the Cudgeler (level 5, -6/32 HPs)
             Began as a Gargoyle Fighter on July 19, 2020.
             Mangled by a crimson imp
             ... wielding a +1 dagger of chaos
              (24 damage)
             ... on level 3 of the Dungeon.
             The game lasted 00:04:29 (3079 turns).

MrTaco21 the Cudgeler (Gargoyle Fighter)            Turns: 3079, Time: 00:04:29

Health: -6/32      AC: 12    Str: 21    XL:     5   Next: 53%
Magic:  5/5        EV:  7    Int:  8    God:
Gold:   164        SH:  9    Dex:  9    Spells: 4/4 levels left

rFire    . . .     SeeInvis .   p - +2 spear (vamp) {!w}
rCold    . . .     Faith    .   c - +0 kite shield
rNeg     + . .     Spirit   .   b - +0 scale mail
rPois    ∞         Reflect  .   (no helmet)
rElec    +         Harm     .   (no cloak)
rCorr    .                      l - +0 pair of gloves
MR       .....                  (no boots)
Stlth    ..........             (no amulet)
HPRegen  0.10/turn              (no ring)
MPRegen  0.09/turn              (no ring)

@: slowed, very slow
A: negative energy resistance 1, electricity resistance, unbreathing,
petrification resistance, rot immunity, AC +4
a: no special abilities


You were on level 3 of the Dungeon.
You visited 1 branch of the dungeon, and saw 3 of its levels.

You collected 164 gold pieces.

Inventory:

Hand Weapons
 a - a +0 flail
 p - a +2 vampiric spear (weapon) {!w}
   (You took it off a gnoll on level 3 of the Dungeon)
Armour
 b - a +0 scale mail (worn)
 c - a +0 kite shield (worn)
 l - a +0 pair of gloves (worn)
   (You found it on level 2 of the Dungeon)
Scrolls
 e - 5 scrolls of fear {unknown}
 f - 3 scrolls of amnesia {unknown}
 i - 2 scrolls of remove curse {unknown}
 m - 2 scrolls of identify {unknown}
 q - a scroll of enchant armour {unknown}
Potions
 d - 2 potions of might
 g - 2 potions of flight {unknown}
 h - 6 potions of curing {unknown}
 j - a potion of ambrosia {unknown}
 k - a potion of degeneration {unknown}
 n - a potion of berserk rage {unknown}
 o - 2 potions of heal wounds {unknown}


   Skills:
 - Level 3.2 Fighting
 - Level 5.3 Maces & Flails
 + Level 1.1 Polearms
 - Level 3.2 Armour
 - Level 3.2 Shields


You had 4 spell levels left.
You didn't know any spells.
Your spell library contained the following spells:

 Spells                   Type           Power        Failure   Level
 Magic Dart               Conj           #...         99%         1
 Searing Ray              Conj           #.....       100%        2
 Dazzling Flash           Conj/Hex       #.....       100%        3
 Fulminant Prism          Conj/Hex       #.........   100%        4
 Iskenderun's Mystic Bla  Conj/Tloc      #.......     100%        4


Dungeon Overview and Level Annotations

Branches:
Dungeon (3/15)

Altars:
Hepliaklqana
Nemelex Xobeh
Xom


Innate Abilities, Weirdness & Mutations

You are resistant to torment.
Your stone body is resilient. (AC +4)
You are immune to poison.
You resist negative energy. (rN+)
You are resistant to electric shocks. (rElec)
You can survive without breathing.
You are immune to petrification.
You are immune to rotting.


Message History

You barely miss the crimson imp.
The crimson imp hits you but does no damage.
You feel yourself slow down.
A crimson imp comes into view.
Unknown command.
Press < or > to pray at altars.
You barely miss the crimson imp.
The crimson imp hits you but does no damage. x3
Unknown command.
Press < or > to pray at altars.
You miss the crimson imp.
The crimson imp blinks!
You block the crimson imp's attack. x2
The crimson imp hits you but does no damage. x2
You are electrocuted!
The crimson imp hits you.
You cannot move.
You cannot move.
Unknown command.
Press < or > to pray at altars.
You cannot move.
Unknown command.
Press < or > to pray at altars.
You cannot move.
Unknown command.
Press < or > to pray at altars.
You cannot move.
Unknown command.
Press < or > to pray at altars.
Unknown command.
Press < or > to pray at altars.
You cannot move.
You cannot move.
Unknown command.
Press < or > to pray at altars.
You hit the crimson imp.
You feel less wooden.
Your +0 pair of gloves unmelds from your body.
Your +0 scale mail unmelds from your body.
The crimson imp blinks!
You block the crimson imp's attack.
The crimson imp hits you but does no damage.
The crimson imp hits you but does no damage.
The crimson imp barely misses you.
The crimson imp shouts, "Accept thy doom, thou rough-hewn sheep-biting guttersnipe!"
The crimson imp barely misses you. You block the crimson imp's attack.
You open the door. You block the crimson imp's attack.
The crimson imp blinks!
The crimson imp hits you but does no damage. x2
The crimson imp hits you but does no damage.
Space warps horribly around you!!
Ouch! That really hurt!
You die...

#...#...#.##.........#
..#...#...##........##
#...#...#.##........#
..#...#...##........#
#...#...#.#######)..#
..#...#.....#.#.#...#
#...#...#.###^#.#...######
..#...#....+#.§)#.......>######
#...#...###.5._5@............<#
..#.........#..5####..##.########
#...........#^#.# #.............#
............#.#.# #...#####.###.#
. ..........#####.#......##.###.#
...................###.##...#.#
.........#####.....#.####.#.#
###....). #.#.#.#.# #.#.#
#.#.#.†.####.#(#


You could see 3 crimson imps.

Vanquished Creatures
  Jessica (D:2)
  5 adders
  3 gnolls (D:3)
  3 worms
  5 dart slugs
  2 giant cockroaches (D:2)
  5 goblins
  6 hobgoblins
  4 jackals (D:1)
  A ball python (D:3)
  7 bats
  4 frilled lizards
  6 kobolds
  13 rats
65 creatures vanquished.

Notes
Turn   | Place    | Note
-------+----------+-------------------------------------------
     0 | D:1      | MrTaco21 the Gargoyle Fighter began the quest for the Orb.
     0 | D:1      | Reached XP level 1. HP: 14/14 MP: 1/1
   141 | D:1      | Reached XP level 2. HP: 19/19 MP: 2/2
   328 | D:1      | Reached skill level 3 in Maces & Flails
   932 | D:1      | Reached XP level 3. HP: 21/23 MP: 3/3
  1367 | D:2      | Reached skill level 4 in Maces & Flails
  1561 | D:2      | Reached XP level 4. HP: 28/28 MP: 4/4
  1923 | D:2      | Found a hazy altar of Hepliaklqana.
  2328 | D:2      | Found a sparkling altar of Nemelex Xobeh.
  2328 | D:2      | Noticed Jessica
  2330 | D:2      | Killed Jessica
  2330 | D:2      | Reached skill level 5 in Maces & Flails
  2330 | D:2      | Reached XP level 5. HP: 32/32 MP: 5/5
  3008 | D:3      | Reached skill level 1 in Polearms
  3047 | D:3      | Found a shimmering altar of Xom.
  3079 | D:3      | Mangled by a crimson imp

Illustrated notes

Levels and vault maps discovered:
D:1:      dpeg_arrival_windows_large_door, layout_basic, serial_bayou_crossing
D:2:      minmay_angry_zag, layout_loops_corners, lemuel_doored_altar,
          nemelex_lonely_heart_becter
D:3:      layout_basic, lemuel_coloured_pillars_altar, led_xom_imps, hex_large,
          nicolae_ashenzari_panopticon

Skill      XL: |  1  2  3  4  5 |
---------------+----------------+-----
Maces & Flails | 3 4 5 |  5.3
Polearms       | 1 |  1.1
Fighting       | |  3.2
Armour         | |  3.2
Shields        | |  3.2

Action                   |  1- 3 |  4- 6 || total
-------------------------+-------+-------++-------
Melee: Flail             |   132 |    77 ||   209
       Spear             |       |    79 ||    79
Armor: Scale mail        |    90 |    87 ||   177
       Skin              |       |    15 ||    15
Dodge: Dodged            |    65 |    47 ||   112
Block: Kite shield       |    87 |    88 ||   175

Table legend: (Time is in decaauts)
 A = Elapsed time spent in this place.
 B = Non-inter-level travel time spent in this place.
 C = Inter-level travel time spent in this place.
 D = Time resting spent in this place.
 E = Time spent auto-exploring this place.
 F = Levels seen in this place.
 G = Mean time per level.
                   A        B        C        D        E       F      G
               +--------+--------+--------+--------+--------+-----+--------+
         Total |   3165 |   3118 |     47 |    450 |   2074 |   3 | 1055.0 |
       Dungeon |   3165 |   3118 |     47 |    450 |   2074 |   3 | 1055.0 |
               +--------+--------+--------+--------+--------+-----+--------+
